 Dungeon Crawl Stone Soup version 0.23.2-33-g5129a83184 (webtiles) character file.

Game seed: 5431100052569915815

2582 DorianNounverber the Geomancer (level 9, -12/52 HPs)
             Began as a Gargoyle Earth Elementalist on July 21, 2019.
             Was a Believer of Vehumet.
             Mangled by Harold
             ... wielding a +1 battleaxe of flaming
              (27 damage)
             ... on level 7 of the Dungeon.
             The game lasted 00:27:42 (8324 turns).

DorianNounverber the Geomancer (GrEE)               Turns: 8324, Time: 00:27:42

Health: -12/52     AC: 11    Str: 12    XL:     9   Next: 58%
Magic:  10/18      EV: 13    Int: 19    God:    Vehumet [**....]
Gold:   358        SH:  4    Dex: 10    Spells: 7/20 levels left

rFire    . . .     SeeInvis .   E - +1 rapier (flame)
rCold    . . .     Gourm    .   n - +0 buckler
rNeg     + . .     Faith    .   c - +0 robe
rPois    ∞         Spirit   .   G - +2 helmet
rElec    +         Reflect  .   (no cloak)
rCorr    .         Harm     +   (no gloves)
MR       .....                  (no boots)
Stlth    +++.......             x - amulet of harm
HPRegen  0.17/turn              B - ring of wizardry
MPRegen  0.16/turn              m - ring of stealth

@: no status effects
A: negative energy resistance 1, electricity resistance, unbreathing,
petrification resistance, rot immunity, AC +6
a: Renounce Religion


You were on level 7 of the Dungeon.
You worshipped Vehumet.
Vehumet was pleased with you.
You were not hungry.

You visited 2 branches of the dungeon, and saw 8 of its levels.

You collected 358 gold pieces.

Inventory:

Hand Weapons
 E - a +1 rapier of flaming (weapon)
Missiles
 b - 54 stones (quivered)
Armour
 c - a +0 robe (worn)
 n - a +0 buckler (worn)
 C - a +0 shield
 G - a +2 helmet (worn)
Jewellery
 e - an uncursed ring of magical power {unknown}
 m - a ring of stealth (right hand)
 x - an amulet of harm (around neck)
 B - a ring of wizardry (left hand)
Wands
 q - a wand of enslavement (9)
 z - a wand of flame (19)
Scrolls
 a - 2 scrolls of fear
 f - 2 scrolls of enchant weapon
 g - a scroll of blinking
 h - 2 scrolls of amnesia
 j - 6 scrolls of teleportation
 p - a scroll of fog
 t - 2 scrolls of magic mapping
Potions
 i - a potion of mutation {unknown}
 l - 4 potions of magic
 o - a potion of berserk rage {unknown}
 r - 4 potions of curing
 u - 3 potions of agility
 v - a potion of degeneration {unknown}
 D - 2 potions of heal wounds {unknown}
 F - 2 potions of haste
Comestibles
 d - 4 rations


   Skills:
 + Level 3.8 Fighting
   Level 2.1 Maces & Flails
 + Level 3.5 Dodging
 - Level 2.1 Stealth
 + Level 3.6 Shields
 - Level 0.2 Unarmed Combat
 + Level 6.0 Spellcasting
 + Level 4.4 Conjurations
 - Level 0.7 Transmutations
 + Level 8.7 Earth Magic
 + Level 2.9 Evocations


You had 7 spell levels left.
You knew the following spells:

 Your Spells              Type           Power        Failure   Level  Hunger
a - Sandblast             Erth           #####.       1%          1    None
b - Stone Arrow           Conj/Erth      ####..       1%          3    ##.....
c - Petrify               Tmut/Erth      ###.....     7%          4    ####...
d - Lee's Rapid Deconstr  Erth           #####.....   3%          5    #####..

Your spell library contained the following spells:

 Spells                   Type           Power        Failure   Level  Hunger
 Throw Frost              Conj/Ice       ##....       2%          2    None
 Passwall                 Tmut/Erth      ###.....     1%          2    None
 Beastly Appendage        Tmut           #.....       3%          1    None
 Sticks to Snakes         Tmut           #.......     5%          2    None
 Spider Form              Tmut/Pois      #.........   12%         3    ##.....
 Ice Form                 Ice/Tmut       #.......     36%         4    ####...
 Blade Hands              Tmut           #.........   65%         5    #####..


Dungeon Overview and Level Annotations

Branches:
Dungeon (7/15)             Temple (1/1) D:4

Altars:
Ashenzari
Cheibriados
Dithmenos
Fedhas
Gozag
Hepliaklqana
Kikubaaqudgha
Makhleb
Nemelex Xobeh
Okawaru
Qazlal
Ru
Sif Muna
Trog
Uskayaw
Vehumet
Wu Jian
Xom
Yredelemnul
Zin

Shops:
D:4 ([

Annotations:
D:7 Harold


Innate Abilities, Weirdness & Mutations

You are resistant to torment.
Your stone body is resilient. (AC +6)
You are immune to poison.
You resist negative energy. (rN+)
You are resistant to electric shocks. (rElec)
You can survive without breathing.
You are immune to petrification.
You are immune to rotting.


Message History

Confirm with . or Enter, or press ? or * to list all spells.
Aiming: Sandblast (safe; 1% risk of failure)
Press: ? - help, Shift-Dir - straight line, f/p - Harold
Aim: Harold, wielding a +1 battleaxe of flaming and wearing a +0 chain mail (moderately wounded)
The blast of sand hits Harold but does no damage.
Harold is moderately wounded.
b - 54 stones Harold hits you with a +1 battleaxe of flaming!
Harold burns you.
* * * LOW HITPOINT WARNING * * *
Casting: Sandblast (safe; 1% risk of failure)
Confirm with . or Enter, or press ? or * to list all spells.
Aiming: Stone Arrow (safe; 1% risk of failure)
Press: ? - help, Shift-Dir - straight line, f/p - Harold
Aim: Harold, wielding a +1 battleaxe of flaming and wearing a +0 chain mail (moderately wounded)
The stone arrow hits Harold!
Harold is heavily wounded.
Harold hits you with a +1 battleaxe of flaming!!
Ouch! That really hurt!
You die...

...#####.##.#.#
...# #.##.#.#
...# #.##.#.#
....#
#.##.#.#####
.....
#.##.#.##..
#......##.#
####.####.###
#........#
######@#.# #@#
#.. ####


You could see Harold.

Vanquished Creatures
  Grinder (D:3)
  A hippogriff (D:5)
  Edmund (D:4)
  A hornet zombie (D:5)
  An ice beast (D:5)
  A black bear (D:6)
  A necrophage (D:4)
  A sky beast (D:6)
  3 ogres
  A bullfrog (D:6)
  Blork the orc (D:4)
  A wyvern zombie (D:6)
  A gnoll sergeant (D:5)
  A scorpion (D:6)
  2 howler monkeys (D:5)
  4 crimson imps
  A bullfrog zombie (D:5)
  2 hounds
  A jelly (D:6)
  2 orc priests
  Natasha (thrice) (D:2)
  Terence (D:1)
  5 orc wizards
  6 worker ants
  A killer bee zombie (D:6)
  2 hound zombies (D:6)
  A hound skeleton (D:5)
  12 gnolls
  4 adders
  An adder skeleton (D:4)
  3 worms
  3 dart slugs
  4 leopard geckos
  11 orcs
  A ball python (D:1)
  6 bats
  A giant cockroach (D:6)
  8 hobgoblins
  5 jackals
  8 kobolds
  5 quokkas
  5 frilled lizards
  6 goblins
  A jackal skeleton (D:6)
  12 rats
143 creatures vanquished.

Notes
Turn   | Place    | Note
-------+----------+-------------------------------------------
     0 | D:1      | DorianNounverber the Gargoyle Earth Elementalist began the
                  | quest for the Orb.
     0 | D:1      | Reached XP level 1. HP: 10/10 MP: 3/3
    37 | D:1      | Reached skill level 4 in Earth Magic
    37 | D:1      | Reached XP level 2. HP: 9/15 MP: 0/5
   557 | D:1      | Reached XP level 3. HP: 11/19 MP: 0/6
  1040 | D:2      | Found a stormy altar of Qazlal.
  1230 | D:2      | Noticed Natasha
  1236 | D:2      | Killed Natasha
  1236 | D:2      | Reached skill level 1 in Maces & Flails
  1236 | D:2      | Reached XP level 4. HP: 16/24 MP: 3/7
  1241 | D:2      | Learned a level 3 spell: Stone Arrow
  1387 | D:2      | Noticed Natasha
  1393 | D:2      | Killed Natasha
  1536 | D:2      | Noticed Natasha
  1574 | D:2      | Learned a level 4 spell: Petrify
  1577 | D:2      | Killed Natasha
  1577 | D:2      | Reached XP level 5. HP: 24/28 MP: 4/9
  1692 | D:2      | Noticed Terence
  1822 | D:1      | Killed Terence
  1822 | D:1      | Reached skill level 5 in Earth Magic
  2291 | D:3      | Found a shadowy altar of Dithmenos.
  2548 | D:3      | Noticed Grinder
  2561 | D:3      | Paralysed by Grinder for 6 turns
  2567 | D:3      | Killed Grinder
  2567 | D:3      | Reached skill level 1 in Conjurations
  2567 | D:3      | Reached skill level 6 in Earth Magic
  2567 | D:3      | Reached XP level 6. HP: 16/33 MP: 0/11
  2742 | D:3      | Found a faded altar of an unknown god.
  3311 | D:4      | Found Koixahe's Antique Weapon Boutique.
  3425 | D:4      | Reached skill level 1 in Fighting
  3425 | D:4      | Reached XP level 7. HP: 38/38 MP: 7/13
  3432 | D:4      | Learned a level 5 spell: Lee's Rapid Deconstruction
  3642 | D:4      | Found a staircase to the Ecumenical Temple.
  3651 | Temple   | Entered the Ecumenical Temple
  3770 | Temple   | Became a worshipper of Vehumet
  4358 | D:4      | Found a hide-covered altar of Uskayaw.
  4361 | D:4      | Noticed a +0 dagger
  4362 | D:4      | Noticed a +0 hand axe
  4364 | D:4      | Noticed Blork the orc
  4373 | D:4      | Killed Blork the orc
  4506 | D:4      | Found Moiny's Antique Armour Boutique.
  4594 | D:4      | Reached skill level 7 in Earth Magic
  4853 | D:4      | Noticed Edmund
  4859 | D:4      | Killed Edmund
  4859 | D:4      | Reached skill level 5 in Spellcasting
  4859 | D:4      | Reached XP level 8. HP: 43/43 MP: 7/15
  4940 | D:5      | Entered Level 5 of the Dungeon
  5070 | D:5      | Found a sparkling altar of Nemelex Xobeh.
  5211 | D:5      | Noticed a hippogriff
  5245 | D:5      | Reached skill level 1 in Shields
  5659 | D:5      | Reached skill level 8 in Earth Magic
  5659 | D:5      | Reached skill level 1 in Evocations
  5846 | D:5      | Reached * piety under Vehumet
  5846 | D:5      | Offered knowledge of Shock by Vehumet.
  6089 | D:5      | Killed a hippogriff
  6223 | D:5      | Reached XP level 9. HP: 49/49 MP: 13/17
  6546 | D:5      | Noticed a moth of wrath
  6549 | D:5      | Found a bloodstained altar of Trog.
  7393 | D:6      | Offered knowledge of Throw Frost by Vehumet.
  7402 | D:6      | Reached ** piety under Vehumet
  7952 | D:6      | Found a deep blue altar of Sif Muna.
  8054 | D:6      | Found a glowing silver altar of Zin.
  8320 | D:7      | Noticed Harold
  8324 | D:7      | Mangled by Harold

Skill      XL: |  1  2  3  4  5  6  7  8  9 |
---------------+----------------------------+-----
Earth Magic    | 4 6 7 8 |  8.7
Maces & Flails | 1 2 |  2.1
Dodging        | 2 3 |  3.5
Spellcasting   | 3 4 5 6 |  6.0
Conjurations   | 1 2 3 4 |  4.4
Fighting       | 1 2 3 |  3.8
Shields        | 2 3 |  3.6
Evocations     | 1 2 |  2.9
Stealth        | |  2.1
Unarmed Combat | |  0.2
Transmutations | |  0.7

Action                   |  1- 3 |  4- 6 |  7- 9 || total
-------------------------+-------+-------+-------++-------
Melee: Unarmed           |     9 |       |       ||     9
       Mace              |    87 |    63 |    64 ||   214
 Cast: Sandblast         |    17 |    44 |    37 ||    98
       Stone Arrow       |       |     2 |   107 ||   109
  Use: Scroll            |       |     6 |    11 ||    17
       Potion            |       |       |     1 ||     1
 Stab: Sleeping          |     1 |     3 |       ||     4
  Eat: Chunk             |     1 |     3 |     7 ||    11
       Ration            |       |     2 |     4 ||     6
Armor: Robe              |    50 |    33 |    57 ||   140
Dodge: Dodged            |    86 |    48 |   111 ||   245
Block: Buckler           |     9 |     4 |    26 ||    39
